3042 views
Uploaded 2020-03-20 02:23:58
Game version 1.32.3
27:07 long 4on4 ladder game on (8)Feralas_LV
Saved by Teelo
3042 views
Uploaded 2020-03-20 02:23:58
Game version 1.32.3
27:07 long 4on4 ladder game on (8)Feralas_LV


182 units @ 26.9k
/ 4.2k
81 buildings @ 13.7k
/ 6.1k

| Healing Salve | 2 | 200 |
| Potion of Healing | 1 | 150 |
| Scroll of Speed | 1 | 50 |
| total: | 4 | 400g |
| Peon | 18 | 1350 | / | 0 |
| Troll Headhunter | 12 | 1680 | / | 240 |
| Grunt | 8 | 1600 | / | 0 |
| Troll Witch Doctor | 1 | 145 | / | 25 |
| Demolisher | 2 | 440 | / | 100 |
| total: | 41 | 5215g | / | 365w |
| Watch Tower | 14 | 1540 | / | 1120 |
| Orc Burrow | 6 | 960 | / | 240 |
| Altar of Storms | 1 | 180 | / | 50 |
| Barracks | 2 | 360 | / | 100 |
| War Mill | 2 | 410 | / | 0 |
| Voodoo Lounge | 1 | 130 | / | 30 |
| Great Hall | 2 | 770 | / | 370 |
| Spirit Lodge | 1 | 150 | / | 150 |
| Stronghold | 1 | 315 | / | 190 |
| total: | 29 | 4500g | / | 2060w |
| 0:05 | Peon |
| 0:06 | Peon |
| 0:06 | Peon |
| 0:06 | Peon |
| 0:06 | Peon |
| 0:08 | Peon |
| 0:09 | Peon |
| 0:09 | Peon |
| 0:27 | Orc Burrow |
| 0:45 | Altar of Storms |
| 1:02 | Barracks |
| 1:36 | War Mill |
| 1:50 | Barracks |
| 2:05 | Peon |
| 2:06 | Peon |
| 2:07 | Peon |
| 2:21 | Orc Burrow |
| 2:36 | Voodoo Lounge |
| 2:48 | Pillage |
| 2:59 | Watch Tower |
| 3:05 | Watch Tower |
| 3:11 | Mirror Image |
| 3:31 | Orc Burrow |
| 3:34 | Troll Headhunter |
| 3:42 | Spiked Barricades |
| 3:49 | Troll Headhunter |
| 4:02 | Troll Headhunter |
| 4:18 | Watch Tower |
| 4:46 | Orc Burrow |
| 4:48 | Steel Ranged Weapons |
| 5:45 | War Mill |
| 5:46 | Stronghold |
| 5:52 | Grunt |
| 6:09 | Grunt |
| 6:31 | Critical Strike |
| 6:48 | Grunt |
| 6:52 | Steel Melee Weapons |
| 7:10 | Orc Burrow |
| 7:37 | Steel Armor |
| 8:01 | Healing Salve |
| 8:12 | Berserker Strength |
| 8:12 | Troll Regeneration |
| 8:19 | Spirit Lodge |
| 8:29 | Orc Burrow |
| 9:29 | Potion of Healing |
| 9:35 | Critical Strike |
| 10:10 | Troll Headhunter |
| 10:40 | Witch Doctor Adept Training |
| 10:53 | Grunt |
| 11:08 | Watch Tower |
| 11:48 | Troll Witch Doctor |
| 11:51 | Troll Headhunter |
| 12:08 | Watch Tower |
| 13:08 | Troll Headhunter |
| 13:09 | Troll Headhunter |
| 13:58 | Mirror Image |
| 14:34 | Peon |
| 14:34 | Peon |
| 14:35 | Peon |
| 15:28 | Great Hall |
| 16:26 | Thorium Ranged Weapons |
| 16:27 | Thorium Armor |
| 18:53 | Demolisher |
| 18:53 | Demolisher |
| 19:12 | Great Hall |
| 19:21 | Improved Spiked Barricades |
| 21:47 | Peon |
| 21:47 | Peon |
| 21:47 | Peon |
| 21:47 | Peon |
| 21:58 | Grunt |
| 21:58 | Grunt |
| 23:07 | Critical Strike |
| 24:00 | Troll Headhunter |
| 24:01 | Troll Headhunter |
| 24:01 | Troll Headhunter |
| 24:01 | Troll Headhunter |
| 24:02 | Troll Headhunter |
| 24:04 | Thorium Melee Weapons |
| 25:17 | Watch Tower |
| 25:20 | Watch Tower |
| 25:22 | Watch Tower |
| 25:25 | Watch Tower |
| 25:28 | Watch Tower |
| 25:31 | Watch Tower |
| 25:40 | Watch Tower |
| 25:43 | Watch Tower |
| 25:46 | Watch Tower |
| 25:55 | Grunt |
| 25:55 | Grunt |
| 25:57 | Healing Salve |
| 25:58 | Scroll of Speed |
| Right click | 671 |
| Select | 325 |
| Select group | 170 |
| Build/train/purchase | 106 |
| Chat | 18 |
| Assign group | 11 |
| Use ability | 11 |
| Resource trade | 6 |
| Item give/drop | 1 |
| Esc | 1 |
| Minimap ping | 1 |


| Potion of Healing | 1 | 150 |
| Lesser Clarity Potion | 1 | 70 |
| Scroll of Town Portal | 4 | 1400 |
| Scroll of Healing | 1 | 250 |
| Scroll of Protection | 1 | 150 |
| Scroll of Speed | 1 | 50 |
| total: | 9 | 2070g |
| Wisp | 25 | 1500 | / | 0 |
| Druid of the Claw | 9 | 2295 | / | 720 |
| Dryad | 6 | 870 | / | 360 |
| total: | 40 | 4665g | / | 1080w |
| Altar of Elders | 1 | 180 | / | 50 |
| Moon Well | 8 | 1440 | / | 320 |
| Tree of Life | 2 | 680 | / | 370 |
| Hunter's Hall | 1 | 210 | / | 100 |
| Ancient of Wonders | 2 | 180 | / | 60 |
| Ancient of Lore | 3 | 465 | / | 435 |
| Tree of Ages | 2 | 640 | / | 360 |
| Tree of Eternity | 1 | 330 | / | 200 |
| total: | 17 | 3155g | / | 1335w |
| 0:03 | Wisp |
| 0:03 | Wisp |
| 0:03 | Wisp |
| 0:03 | Wisp |
| 0:08 | Altar of Elders |
| 0:13 | Wisp |
| 0:15 | Wisp |
| 0:24 | Moon Well |
| 0:32 | Wisp |
| 0:32 | Wisp |
| 0:35 | Wisp |
| 0:36 | Wisp |
| 1:34 | Wisp |
| 1:35 | Wisp |
| 1:51 | Wisp |
| 1:53 | Wisp |
| 2:28 | Tree of Ages |
| 2:37 | Force of Nature |
| 3:08 | Tree of Life |
| 4:10 | Moon Well |
| 4:12 | Moon Well |
| 4:14 | Thorns Aura |
| 4:50 | Wisp |
| 4:50 | Wisp |
| 4:50 | Wisp |
| 4:50 | Wisp |
| 4:52 | Wisp |
| 4:56 | Hunter's Hall |
| 5:01 | Ancient of Wonders |
| 5:46 | Tree of Eternity |
| 6:04 | Ancient of Lore |
| 6:07 | Ancient of Lore |
| 8:04 | Druid of the Claw Adept Training |
| 8:05 | Druid of the Claw |
| 8:09 | Druid of the Claw |
| 8:13 | Wisp |
| 8:13 | Wisp |
| 8:13 | Wisp |
| 8:13 | Wisp |
| 8:15 | Wisp |
| 8:18 | Ancient of Lore |
| 8:22 | Moon Well |
| 8:25 | Strength of the Wild |
| 8:26 | Reinforced Hides |
| 9:06 | Potion of Healing |
| 9:08 | Lesser Clarity Potion |
| 9:39 | Force of Nature |
| 9:57 | Druid of the Claw Master Training |
| 9:57 | Druid of the Claw |
| 10:28 | Moon Well |
| 10:29 | Moon Well |
| 10:30 | Moon Well |
| 10:32 | Druid of the Claw |
| 10:44 | Mark of the Claw |
| 11:47 | Ancient of Wonders |
| 11:51 | Improved Strength of the Wild |
| 12:20 | Thorns Aura |
| 13:08 | Summon Lava Spawn |
| 13:44 | Scroll of Town Portal |
| 13:45 | Scroll of Protection |
| 13:46 | Scroll of Healing |
| 13:58 | Druid of the Claw |
| 14:04 | Well Spring |
| 15:16 | Incinerate |
| 15:25 | Abolish Magic |
| 15:26 | Dryad |
| 15:26 | Dryad |
| 15:55 | Scroll of Town Portal |
| 16:46 | Dryad |
| 16:49 | Moon Well |
| 16:51 | Advanced Strength of the Wild |
| 16:51 | Improved Reinforced Hides |
| 17:40 | Scroll of Town Portal |
| 17:43 | Scroll of Speed |
| 18:02 | Dryad |
| 18:07 | Entangling Roots |
| 18:31 | Summon Lava Spawn |
| 19:03 | Druid of the Claw |
| 20:38 | Incinerate |
| 20:41 | Tranquility |
| 21:12 | Druid of the Claw |
| 21:14 | Dryad |
| 22:05 | Scroll of Town Portal |
| 22:41 | Tree of Life |
| 23:30 | Summon Lava Spawn |
| 24:23 | Force of Nature |
| 24:32 | Druid of the Claw |
| 25:10 | Wisp |
| 26:04 | Druid of the Claw |
| 26:05 | Dryad |
| Right click | 940 |
| Select | 368 |
| Select group | 180 |
| Build/train/purchase | 146 |
| Chat | 82 |
| Misc. action | 71 |
| Assign group | 49 |
| Use ability | 48 |
| Minimap ping | 32 |
| Resource trade | 20 |
| Remove unit | 4 |
| Item give/drop | 2 |
| Esc | 1 |

| Healing Salve | 2 | 200 |
| Scroll of Speed | 1 | 50 |
| Lesser Clarity Potion | 4 | 280 |
| Potion of Healing | 1 | 150 |
| Orb of Lightning | 3 | 1125 |
| Boots of Speed | 1 | 250 |
| total: | 12 | 2055g |
| Peon | 12 | 900 | / | 0 |
| Wind Rider | 19 | 5035 | / | 760 |
| Troll Batrider | 6 | 960 | / | 240 |
| Raider | 11 | 1980 | / | 440 |
| total: | 48 | 8875g | / | 1440w |
| Altar of Storms | 1 | 180 | / | 50 |
| Orc Burrow | 6 | 960 | / | 240 |
| Voodoo Lounge | 1 | 130 | / | 30 |
| War Mill | 1 | 205 | / | 0 |
| Great Hall | 2 | 770 | / | 370 |
| Beastiary | 2 | 290 | / | 280 |
| Stronghold | 2 | 630 | / | 380 |
| Fortress | 1 | 325 | / | 190 |
| total: | 13 | 2535g | / | 970w |
| 0:02 | Peon |
| 0:03 | Peon |
| 0:04 | Peon |
| 0:08 | Altar of Storms |
| 0:20 | Orc Burrow |
| 0:32 | Peon |
| 0:37 | Voodoo Lounge |
| 0:46 | Peon |
| 0:46 | Peon |
| 0:46 | Peon |
| 0:46 | Peon |
| 0:54 | Peon |
| 0:54 | Peon |
| 1:09 | Peon |
| 1:19 | Peon |
| 2:03 | Stronghold |
| 2:11 | Healing Salve |
| 2:11 | Scroll of Speed |
| 2:12 | Lesser Clarity Potion |
| 2:12 | Lesser Clarity Potion |
| 2:15 | Wind Walk |
| 2:33 | War Mill |
| 3:36 | Orc Burrow |
| 3:40 | Orc Burrow |
| 3:47 | Steel Ranged Weapons |
| 3:48 | Steel Armor |
| 4:58 | Beastiary |
| 5:01 | Beastiary |
| 5:30 | Fortress |
| 5:44 | Thorium Ranged Weapons |
| 5:46 | Orc Burrow |
| 5:50 | Critical Strike |
| 6:06 | Wind Rider |
| 6:11 | Wind Rider |
| 6:11 | Wind Rider |
| 6:11 | Wind Rider |
| 6:40 | Wind Rider |
| 7:10 | Wind Rider |
| 7:42 | Wind Rider |
| 7:56 | Envenomed Spears |
| 8:07 | Wind Rider |
| 8:45 | Wind Rider |
| 9:01 | Wind Rider |
| 9:20 | Arcanite Ranged Weapons |
| 9:46 | Thorium Armor |
| 10:35 | Wind Walk |
| 10:38 | Wind Rider |
| 10:40 | Orc Burrow |
| 11:54 | Wind Rider |
| 11:56 | Orc Burrow |
| 12:09 | Arcanite Armor |
| 13:29 | Troll Batrider |
| 13:30 | Troll Batrider |
| 14:01 | Boots of Speed |
| 14:45 | Troll Batrider |
| 15:10 | Lesser Clarity Potion |
| 15:16 | Troll Batrider |
| 15:16 | Liquid Fire |
| 15:40 | Critical Strike |
| 15:42 | Troll Batrider |
| 15:47 | Troll Batrider |
| 15:48 | Wind Rider |
| 16:11 | Wind Walk |
| 16:22 | Wind Rider |
| 16:49 | Wind Rider |
| 17:08 | Bladestorm |
| 17:32 | Wind Rider |
| 17:40 | Great Hall |
| 17:47 | Wind Rider |
| 18:08 | Wind Rider |
| 18:19 | Wind Rider |
| 18:47 | Ensnare |
| 18:48 | Raider |
| 18:52 | Healing Salve |
| 18:56 | Lesser Clarity Potion |
| 18:58 | Potion of Healing |
| 19:10 | Orb of Lightning |
| 19:10 | Orb of Lightning |
| 19:10 | Orb of Lightning |
| 19:13 | Raider |
| 19:56 | Raider |
| 20:07 | Raider |
| 20:30 | Raider |
| 20:41 | Critical Strike |
| 20:53 | Pillage |
| 20:55 | Raider |
| 21:16 | Raider |
| 22:41 | Great Hall |
| 23:27 | Mirror Image |
| 24:44 | Mirror Image |
| 24:54 | Raider |
| 25:19 | Raider |
| 26:33 | Raider |
| 26:35 | Raider |
| Right click | 1759 |
| Select group | 771 |
| Select | 304 |
| Build/train/purchase | 144 |
| Chat | 88 |
| Misc. action | 83 |
| Use ability | 56 |
| Assign group | 39 |
| Minimap ping | 39 |
| Esc | 7 |
| Resource trade | 5 |
| Item give/drop | 3 |

| Healing Salve | 1 | 100 |
| Lesser Clarity Potion | 6 | 420 |
| Potion of Mana | 7 | 1400 |
| Potion of Healing | 1 | 150 |
| Orb of Lightning | 1 | 375 |
| Scroll of Town Portal | 4 | 1400 |
| Scroll of Healing | 1 | 250 |
| Potion of Lesser Invulnerability | 1 | 150 |
| Scroll of Protection | 2 | 300 |
| total: | 24 | 4545g |
| Peon | 25 | 1875 | / | 0 |
| Grunt | 6 | 1200 | / | 0 |
| Shaman | 7 | 910 | / | 140 |
| Tauren | 15 | 4200 | / | 1200 |
| total: | 53 | 8185g | / | 1340w |
| Watch Tower | 5 | 550 | / | 400 |
| Altar of Storms | 1 | 180 | / | 50 |
| Orc Burrow | 7 | 1120 | / | 280 |
| Barracks | 1 | 180 | / | 50 |
| War Mill | 1 | 205 | / | 0 |
| Voodoo Lounge | 1 | 130 | / | 30 |
| Great Hall | 1 | 385 | / | 185 |
| Spirit Lodge | 1 | 150 | / | 150 |
| Tauren Totem | 2 | 270 | / | 310 |
| Beastiary | 2 | 290 | / | 280 |
| Stronghold | 2 | 630 | / | 380 |
| Fortress | 1 | 325 | / | 190 |
| total: | 22 | 3460g | / | 1735w |
| 0:02 | Peon |
| 0:02 | Peon |
| 0:02 | Peon |
| 0:21 | Altar of Storms |
| 0:24 | Peon |
| 0:33 | Orc Burrow |
| 0:50 | Barracks |
| 0:55 | Peon |
| 1:17 | Peon |
| 1:24 | Peon |
| 1:24 | Peon |
| 1:35 | Orc Burrow |
| 1:40 | War Mill |
| 1:56 | Grunt |
| 2:08 | Voodoo Lounge |
| 2:24 | Serpent Ward |
| 2:33 | Grunt |
| 2:36 | Peon |
| 2:49 | Peon |
| 2:54 | Steel Melee Weapons |
| 3:06 | Watch Tower |
| 3:24 | Grunt |
| 3:53 | Stronghold |
| 4:02 | Healing Wave |
| 4:37 | Orc Burrow |
| 4:38 | Steel Armor |
| 5:18 | Great Hall |
| 5:27 | Healing Salve |
| 5:28 | Lesser Clarity Potion |
| 5:28 | Lesser Clarity Potion |
| 5:40 | Lesser Clarity Potion |
| 5:44 | Grunt |
| 5:49 | Watch Tower |
| 6:23 | Fortress |
| 6:42 | Healing Wave |
| 6:48 | Berserker Strength |
| 6:53 | Spirit Lodge |
| 6:59 | Potion of Mana |
| 7:17 | Watch Tower |
| 7:29 | Thorium Melee Weapons |
| 7:53 | Grunt |
| 7:56 | Orc Burrow |
| 8:04 | Orc Burrow |
| 8:11 | Peon |
| 8:19 | Peon |
| 8:26 | Shaman Adept Training |
| 8:34 | Peon |
| 9:01 | Grunt |
| 9:11 | Potion of Mana |
| 9:12 | Potion of Healing |
| 9:19 | Serpent Ward |
| 9:37 | Potion of Mana |
| 9:58 | Shaman Master Training |
| 9:58 | Shaman |
| 9:58 | Shaman |
| 9:58 | Shaman |
| 9:59 | Shaman |
| 9:59 | Shaman |
| 10:02 | Tauren Totem |
| 10:19 | Scroll of Town Portal |
| 10:21 | Lesser Clarity Potion |
| 10:51 | Reinforced Defenses |
| 11:13 | Lesser Clarity Potion |
| 11:17 | Peon |
| 11:17 | Peon |
| 11:17 | Peon |
| 11:18 | Peon |
| 11:18 | Peon |
| 11:53 | Peon |
| 12:15 | Peon |
| 12:19 | Orc Burrow |
| 12:59 | Tauren |
| 13:03 | Tauren Totem |
| 13:07 | Peon |
| 13:07 | Peon |
| 13:07 | Peon |
| 13:12 | Orc Burrow |
| 13:48 | Potion of Lesser Invulnerability |
| 13:49 | Scroll of Protection |
| 14:04 | Tauren |
| 14:08 | Peon |
| 14:23 | Pillage |
| 14:25 | Healing Wave |
| 15:10 | Beastiary |
| 15:11 | Beastiary |
| 15:15 | Tauren |
| 15:15 | Tauren |
| 15:25 | Watch Tower |
| 15:26 | Watch Tower |
| 15:29 | Scroll of Town Portal |
| 15:30 | Potion of Mana |
| 15:32 | Lesser Clarity Potion |
| 15:34 | Potion of Mana |
| 16:17 | Pulverize |
| 16:51 | Shaman |
| 16:51 | Shaman |
| 17:30 | Scroll of Town Portal |
| 17:30 | Potion of Mana |
| 17:47 | Tauren |
| 18:12 | Scroll of Protection |
| 18:14 | Scroll of Healing |
| 18:20 | Tauren |
| 18:37 | Serpent Ward |
| 19:21 | Tauren |
| 19:23 | Arcanite Melee Weapons |
| 19:23 | Thorium Armor |
| 20:22 | Tauren |
| 20:23 | Tauren |
| 20:52 | Tauren |
| 21:12 | Witch Doctor Adept Training |
| 21:24 | Scroll of Town Portal |
| 21:27 | Potion of Mana |
| 21:32 | Big Bad Voodoo |
| 21:36 | Orb of Lightning |
| 22:15 | Tauren |
| 23:14 | Tauren |
| 24:04 | Arcanite Armor |
| 24:21 | Peon |
| 25:04 | Tauren |
| 25:06 | Tauren |
| 25:20 | Spiked Barricades |
| 25:51 | Tauren |
| Select group | 535 |
| Right click | 392 |
| Select | 254 |
| Chat | 206 |
| Assign group | 154 |
| Misc. action | 142 |
| Build/train/purchase | 141 |
| Use ability | 94 |
| Minimap ping | 16 |
| Resource trade | 15 |
| Item give/drop | 5 |
223 units @ 27.9k
/ 2.4k
112 buildings @ 14.5k
/ 6.9k
⇛
Qreenshpise
(27:01) : 

x1)
| Scroll of Regeneration | 3 | 300 |
| Staff of Sanctuary | 1 | 250 |
| Potion of Healing | 1 | 150 |
| Tome of Retraining | 1 | 300 |
| total: | 6 | 1000g |
| Peasant | 30 | 2250 | / | 0 |
| Footman | 10 | 1350 | / | 0 |
| Rifleman | 17 | 3485 | / | 510 |
| Spell Breaker | 8 | 1720 | / | 240 |
| Sorceress | 1 | 155 | / | 20 |
| Forest Troll Shadow Priest | 1 | 195 | / | 10 |
| total: | 67 | 9155g | / | 780w |
| Scout Tower | 17 | 510 | / | 340 |
| Guard Tower | 9 | 630 | / | 450 |
| Altar of Kings | 1 | 180 | / | 50 |
| Barracks | 1 | 160 | / | 60 |
| Farm | 9 | 720 | / | 180 |
| Arcane Vault | 2 | 260 | / | 60 |
| Lumber Mill | 1 | 120 | / | 0 |
| Town Hall | 1 | 385 | / | 205 |
| Blacksmith | 1 | 140 | / | 60 |
| Arcane Sanctum | 2 | 300 | / | 280 |
| Keep | 2 | 640 | / | 420 |
| Castle | 1 | 360 | / | 210 |
| total: | 35 | 2775g | / | 1235w |
| 0:05 | Peasant |
| 0:09 | Altar of Kings |
| 0:10 | Peasant |
| 0:19 | Peasant |
| 0:23 | Barracks |
| 0:37 | Farm |
| 0:45 | Peasant |
| 1:03 | Peasant |
| 1:13 | Farm |
| 1:16 | Peasant |
| 1:24 | Footman |
| 1:38 | Arcane Vault |
| 1:49 | Footman |
| 1:52 | Farm |
| 1:59 | Peasant |
| 2:10 | Peasant |
| 2:11 | Summon Water Elemental |
| 2:28 | Footman |
| 2:37 | Peasant |
| 2:59 | Brilliance Aura |
| 3:13 | Footman |
| 3:15 | Lumber Mill |
| 3:17 | Peasant |
| 3:51 | Town Hall |
| 3:54 | Scout Tower |
| 4:01 | Peasant |
| 4:05 | Scout Tower |
| 4:32 | Farm |
| 4:48 | Brilliance Aura |
| 5:12 | Scroll of Regeneration |
| 5:12 | Scroll of Regeneration |
| 5:19 | Guard Tower |
| 5:20 | Guard Tower |
| 5:28 | Footman |
| 5:49 | Footman |
| 5:51 | Keep |
| 5:59 | Footman |
| 6:08 | Footman |
| 6:10 | Scout Tower |
| 6:11 | Scout Tower |
| 6:15 | Scout Tower |
| 6:23 | Defend |
| 6:25 | Blacksmith |
| 7:02 | Footman |
| 7:27 | Forest Troll Shadow Priest |
| 7:49 | Farm |
| 7:51 | Iron Plating |
| 7:52 | Footman |
| 8:14 | Rain of Fire |
| 8:38 | Castle |
| 8:41 | Improved Lumber Harvesting |
| 9:12 | Scout Tower |
| 9:13 | Scout Tower |
| 9:19 | Blizzard |
| 9:28 | Rifleman |
| 9:39 | Howl of Terror |
| 10:17 | Rifleman |
| 10:21 | Guard Tower |
| 10:33 | Peasant |
| 10:33 | Peasant |
| 10:34 | Peasant |
| 10:34 | Peasant |
| 10:34 | Peasant |
| 11:09 | Peasant |
| 11:09 | Peasant |
| 11:09 | Peasant |
| 11:09 | Peasant |
| 11:09 | Peasant |
| 11:13 | Advanced Lumber Harvesting |
| 11:30 | Rifleman |
| 11:36 | Scout Tower |
| 11:38 | Scout Tower |
| 11:40 | Scout Tower |
| 11:41 | Scout Tower |
| 12:04 | Guard Tower |
| 12:11 | Guard Tower |
| 12:31 | Peasant |
| 12:31 | Peasant |
| 12:32 | Peasant |
| 12:53 | Peasant |
| 12:53 | Peasant |
| 13:04 | Rifleman |
| 13:06 | Scout Tower |
| 13:08 | Scout Tower |
| 13:09 | Scout Tower |
| 13:12 | Scout Tower |
| 13:14 | Scout Tower |
| 13:16 | Scout Tower |
| 13:24 | Peasant |
| 13:25 | Peasant |
| 13:25 | Peasant |
| 13:31 | Rifleman |
| 13:40 | Guard Tower |
| 13:45 | Peasant |
| 14:15 | Rifleman |
| 14:26 | Guard Tower |
| 14:48 | Rifleman |
| 15:08 | Guard Tower |
| 15:09 | Guard Tower |
| 15:23 | Long Rifles |
| 15:38 | Black Gunpowder |
| 15:47 | Arcane Vault |
| 15:56 | Rifleman |
| 16:00 | Farm |
| 16:01 | Farm |
| 16:04 | Farm |
| 16:16 | Arcane Sanctum |
| 16:42 | Arcane Sanctum |
| 16:56 | Staff of Sanctuary |
| 16:56 | Scroll of Regeneration |
| 17:13 | Rifleman |
| 17:15 | Farm |
| 17:33 | Spell Breaker |
| 17:57 | Spell Breaker |
| 18:31 | Blizzard |
| 18:52 | Spell Breaker |
| 19:07 | Tome of Retraining |
| 19:07 | Retrain Hero |
| 19:09 | Blizzard |
| 19:09 | Blizzard |
| 19:09 | Blizzard |
| 19:09 | Blizzard |
| 19:09 | Brilliance Aura |
| 19:10 | Brilliance Aura |
| 19:17 | Spell Breaker |
| 19:28 | Refined Gunpowder |
| 20:02 | Spell Breaker |
| 20:31 | Rifleman |
| 20:31 | Spell Breaker |
| 20:33 | Rain of Fire |
| 20:43 | Rifleman |
| 20:56 | Rifleman |
| 21:07 | Rifleman |
| 21:19 | Imbued Gunpowder |
| 21:58 | Brilliance Aura |
| 22:02 | Howl of Terror |
| 23:06 | Rifleman |
| 23:44 | Spell Breaker |
| 24:02 | Rifleman |
| 24:03 | Spell Breaker |
| 24:07 | Brilliance Aura |
| 24:21 | Rifleman |
| 24:33 | Rifleman |
| 24:37 | Sorceress |
| 26:10 | Magic Sentry |
| 26:14 | Potion of Healing |
| Select group | 1048 |
| Right click | 1005 |
| Select | 611 |
| Misc. action | 330 |
| Build/train/purchase | 156 |
| Assign group | 88 |
| Use ability | 28 |
| Resource trade | 27 |
| Minimap ping | 9 |
| Esc | 8 |
| Item give/drop | 4 |

| Potion of Healing | 2 | 300 |
| Lesser Clarity Potion | 1 | 70 |
| Anti-magic Potion | 1 | 100 |
| Scroll of Town Portal | 5 | 1750 |
| Potion of Lesser Invulnerability | 1 | 150 |
| Scroll of Regeneration | 1 | 100 |
| total: | 11 | 2470g |
| Wisp | 29 | 1740 | / | 0 |
| Archer | 23 | 2990 | / | 230 |
| Hippogryph | 6 | 960 | / | 120 |
| Druid of the Talon | 14 | 2030 | / | 280 |
| Sorceress | 5 | 775 | / | 100 |
| Knight | 1 | 245 | / | 60 |
| total: | 78 | 8740g | / | 790w |
| Ancient Protector | 8 | 1080 | / | 640 |
| Moon Well | 6 | 1080 | / | 240 |
| Ancient of War | 4 | 600 | / | 240 |
| Altar of Elders | 1 | 180 | / | 50 |
| Hunter's Hall | 1 | 210 | / | 100 |
| Ancient of Wonders | 2 | 180 | / | 60 |
| Tree of Life | 1 | 340 | / | 185 |
| Ancient of Wind | 4 | 600 | / | 560 |
| Tree of Ages | 1 | 320 | / | 180 |
| Tree of Eternity | 1 | 330 | / | 200 |
| Scout Tower | 1 | 30 | / | 20 |
| total: | 28 | 4300g | / | 2095w |
| 0:04 | Wisp |
| 0:04 | Wisp |
| 0:04 | Wisp |
| 0:05 | Wisp |
| 0:05 | Wisp |
| 0:06 | Wisp |
| 0:35 | Moon Well |
| 0:49 | Ancient of War |
| 1:03 | Altar of Elders |
| 1:08 | Wisp |
| 1:24 | Moon Well |
| 1:30 | Wisp |
| 1:41 | Wisp |
| 1:51 | Archer |
| 1:55 | Wisp |
| 2:14 | Moon Well |
| 2:26 | Archer |
| 2:38 | Archer |
| 3:00 | Hunter's Hall |
| 3:06 | Force of Nature |
| 3:18 | Archer |
| 3:23 | Ancient of Wonders |
| 4:00 | Archer |
| 4:00 | Archer |
| 4:03 | Wisp |
| 4:07 | Ancient Protector |
| 4:15 | Entangling Roots |
| 4:33 | Wisp |
| 4:33 | Wisp |
| 4:40 | Ancient Protector |
| 5:10 | Wisp |
| 5:14 | Ancient Protector |
| 5:23 | Ancient Protector |
| 5:36 | Tree of Life |
| 5:42 | Wisp |
| 5:49 | Ancient of War |
| 5:57 | Ancient of War |
| 6:02 | Archer |
| 6:03 | Wisp |
| 6:13 | Ancient of War |
| 6:21 | Archer |
| 6:33 | Wisp |
| 6:34 | Archer |
| 7:04 | Tree of Ages |
| 7:26 | Ancient Protector |
| 7:35 | Entangling Roots |
| 7:50 | Wisp |
| 7:50 | Wisp |
| 7:50 | Wisp |
| 7:51 | Wisp |
| 7:51 | Wisp |
| 7:54 | Wisp |
| 7:56 | Archer |
| 9:33 | Wisp |
| 9:33 | Wisp |
| 9:36 | Ancient of Wind |
| 9:37 | Ancient of Wind |
| 9:40 | Wisp |
| 9:41 | Wisp |
| 9:41 | Wisp |
| 9:41 | Wisp |
| 9:47 | Ancient of Wind |
| 9:49 | Improved Bows |
| 9:49 | Archer |
| 9:50 | Archer |
| 9:55 | Force of Nature |
| 10:17 | Ancient of Wind |
| 10:21 | Scroll of Town Portal |
| 10:22 | Potion of Healing |
| 10:39 | Moon Well |
| 10:43 | Strength of the Moon |
| 10:43 | Strength of the Wild |
| 10:48 | Archer |
| 10:48 | Archer |
| 10:48 | Archer |
| 10:55 | Hippogryph |
| 11:00 | Hippogryph |
| 11:04 | Hippogryph |
| 11:10 | Archer |
| 11:26 | Archer |
| 11:28 | Druid of the Talon Adept Training |
| 11:30 | Hippogryph |
| 11:50 | Tree of Eternity |
| 12:04 | Hippogryph |
| 12:22 | Potion of Lesser Invulnerability |
| 13:12 | Hippogryph |
| 13:17 | Scroll of Town Portal |
| 13:44 | Ancient of Wonders |
| 13:57 | Ancient Protector |
| 14:00 | Ancient Protector |
| 14:06 | Ancient Protector |
| 14:08 | Improved Strength of the Wild |
| 14:09 | Improved Strength of the Moon |
| 14:13 | Druid of the Talon Master Training |
| 14:14 | Druid of the Talon |
| 14:16 | Moon Well |
| 15:07 | Scroll of Regeneration |
| 15:09 | Lesser Clarity Potion |
| 15:12 | Scroll of Town Portal |
| 15:18 | Marksmanship |
| 15:19 | Archer |
| 15:21 | Druid of the Talon |
| 15:33 | Moon Well |
| 16:11 | Entangling Roots |
| 16:46 | Mark of the Talon |
| 16:47 | Druid of the Talon |
| 16:47 | Druid of the Talon |
| 16:50 | Archer |
| 17:02 | Scroll of Town Portal |
| 17:03 | Anti-magic Potion |
| 17:04 | Potion of Healing |
| 17:11 | Druid of the Talon |
| 17:26 | Druid of the Talon |
| 17:33 | Druid of the Talon |
| 18:49 | Tranquility |
| 18:57 | Druid of the Talon |
| 19:23 | Archer |
| 19:23 | Archer |
| 19:23 | Archer |
| 19:23 | Archer |
| 20:09 | Scroll of Town Portal |
| 20:51 | Druid of the Talon |
| 20:51 | Druid of the Talon |
| 22:05 | Druid of the Talon |
| 22:05 | Druid of the Talon |
| 22:10 | Thorns Aura |
| 22:36 | Sorceress |
| 22:36 | Sorceress |
| 22:37 | Sorceress |
| 22:37 | Sorceress |
| 22:37 | Sorceress |
| 24:20 | Scout Tower |
| 24:27 | Knight |
| 24:31 | Druid of the Talon |
| 24:31 | Druid of the Talon |
| Right click | 432 |
| Select | 326 |
| Build/train/purchase | 128 |
| Use ability | 94 |
| Assign group | 34 |
| Select group | 26 |
| Misc. action | 23 |
| Minimap ping | 4 |
| Item give/drop | 1 |



| Peasant | 14 | 1050 | / | 0 |
| Rifleman | 12 | 2460 | / | 360 |
| Priest | 4 | 540 | / | 40 |
| total: | 30 | 4050g | / | 400w |
| Scout Tower | 4 | 120 | / | 80 |
| Guard Tower | 4 | 280 | / | 200 |
| Arcane Tower | 1 | 70 | / | 50 |
| Altar of Kings | 1 | 180 | / | 50 |
| Farm | 7 | 560 | / | 140 |
| Blacksmith | 1 | 140 | / | 60 |
| Barracks | 2 | 320 | / | 120 |
| Arcane Vault | 1 | 130 | / | 30 |
| Lumber Mill | 1 | 120 | / | 0 |
| Town Hall | 4 | 1540 | / | 820 |
| Arcane Sanctum | 1 | 150 | / | 140 |
| Keep | 1 | 320 | / | 210 |
| Castle | 2 | 720 | / | 420 |
| total: | 22 | 3260g | / | 1440w |
| 0:05 | Peasant |
| 0:05 | Peasant |
| 0:05 | Peasant |
| 0:05 | Peasant |
| 0:06 | Peasant |
| 0:24 | Altar of Kings |
| 0:37 | Farm |
| 0:53 | Blacksmith |
| 1:00 | Peasant |
| 1:13 | Farm |
| 1:21 | Peasant |
| 1:21 | Peasant |
| 1:29 | Peasant |
| 1:51 | Barracks |
| 1:54 | Peasant |
| 2:06 | Farm |
| 2:29 | Blizzard |
| 2:31 | Peasant |
| 3:23 | Keep |
| 3:33 | Arcane Vault |
| 3:37 | Black Gunpowder |
| 3:38 | Rifleman |
| 3:41 | Farm |
| 4:13 | Rifleman |
| 4:36 | Farm |
| 5:28 | Lumber Mill |
| 6:10 | Castle |
| 6:28 | Refined Gunpowder |
| 6:37 | Long Rifles |
| 6:48 | Improved Lumber Harvesting |
| 6:57 | Flame Strike |
| 6:57 | Flame Strike |
| 7:09 | Rifleman |
| 7:39 | Rifleman |
| 8:06 | Scout Tower |
| 8:09 | Rifleman |
| 8:31 | Brilliance Aura |
| 8:35 | Imbued Gunpowder |
| 8:38 | Farm |
| 9:01 | Scout Tower |
| 9:04 | Guard Tower |
| 9:29 | Advanced Lumber Harvesting |
| 9:32 | Guard Tower |
| 9:36 | Scout Tower |
| 9:54 | Holy Light |
| 10:03 | Guard Tower |
| 10:22 | Town Hall |
| 10:34 | Improved Masonry |
| 10:49 | Arcane Sanctum |
| 11:08 | Rifleman |
| 11:26 | Farm |
| 11:37 | Siphon Mana |
| 11:49 | Advanced Masonry |
| 11:50 | Rifleman |
| 12:09 | Scout Tower |
| 12:16 | Priest Adept Training |
| 12:23 | Studded Leather Armor |
| 12:27 | Rifleman |
| 12:33 | Town Hall |
| 12:57 | Arcane Tower |
| 13:17 | Imbued Masonry |
| 13:18 | Priest Master Training |
| 13:22 | Rifleman |
| 13:30 | Town Hall |
| 14:16 | Rifleman |
| 15:01 | Devotion Aura |
| 15:04 | Priest |
| 15:04 | Priest |
| 15:10 | Barracks |
| 15:16 | Reinforced Leather Armor |
| 15:29 | Peasant |
| 15:29 | Peasant |
| 15:36 | Priest |
| 15:47 | Peasant |
| 16:13 | Town Hall |
| 16:17 | Rifleman |
| 16:59 | Blizzard |
| 17:07 | Priest |
| 17:09 | Sorceress Adept Training |
| 17:14 | Rifleman |
| 17:24 | Dragonhide Armor |
| 18:25 | Siphon Mana |
| Right click | 580 |
| Select | 389 |
| Select group | 235 |
| Build/train/purchase | 92 |
| Use ability | 43 |
| Assign group | 15 |
| Esc | 4 |
| Minimap ping | 3 |
| Item give/drop | 2 |


| Healing Salve | 3 | 300 |
| Orb of Lightning | 2 | 750 |
| Potion of Healing | 1 | 150 |
| Scroll of Town Portal | 1 | 350 |
| total: | 7 | 1550g |
| Peon | 19 | 1425 | / | 0 |
| Grunt | 7 | 1400 | / | 0 |
| Troll Headhunter | 4 | 560 | / | 80 |
| Troll Berserker | 12 | 1680 | / | 240 |
| Shaman | 5 | 650 | / | 100 |
| Forest Troll Shadow Priest | 1 | 195 | / | 10 |
| total: | 48 | 5910g | / | 430w |
| Watch Tower | 13 | 1430 | / | 1040 |
| Altar of Storms | 1 | 180 | / | 50 |
| Orc Burrow | 5 | 800 | / | 200 |
| Barracks | 2 | 360 | / | 100 |
| Voodoo Lounge | 1 | 130 | / | 30 |
| War Mill | 1 | 205 | / | 0 |
| Great Hall | 2 | 770 | / | 370 |
| Spirit Lodge | 2 | 300 | / | 300 |
| Stronghold | 1 | 315 | / | 190 |
| Fortress | 1 | 325 | / | 190 |
| total: | 27 | 4175g | / | 2090w |
| 0:09 | Peon |
| 0:10 | Peon |
| 0:16 | Altar of Storms |
| 0:23 | Orc Burrow |
| 0:38 | Peon |
| 0:48 | Barracks |
| 0:52 | Peon |
| 1:08 | Peon |
| 1:28 | Peon |
| 1:38 | Orc Burrow |
| 1:49 | Grunt |
| 1:56 | Voodoo Lounge |
| 2:21 | Orc Burrow |
| 2:23 | War Stomp |
| 2:38 | Grunt |
| 2:58 | Grunt |
| 3:10 | Healing Salve |
| 3:11 | Healing Salve |
| 3:32 | Grunt |
| 3:53 | Endurance Aura |
| 4:00 | Stronghold |
| 4:28 | Grunt |
| 5:08 | Grunt |
| 5:14 | Healing Salve |
| 6:16 | Grunt |
| 6:22 | War Mill |
| 6:31 | War Stomp |
| 7:03 | Great Hall |
| 7:08 | Breath of Fire |
| 7:18 | Peon |
| 7:18 | Peon |
| 7:18 | Peon |
| 7:18 | Peon |
| 7:19 | Peon |
| 7:19 | Peon |
| 7:23 | Orc Burrow |
| 8:05 | Reinforced Defenses |
| 8:06 | Spiked Barricades |
| 8:08 | Watch Tower |
| 8:11 | Watch Tower |
| 8:28 | Orc Burrow |
| 8:52 | Peon |
| 8:52 | Peon |
| 9:03 | Drunken Brawler |
| 9:10 | Forest Troll Shadow Priest |
| 9:31 | Watch Tower |
| 9:35 | Watch Tower |
| 9:41 | Watch Tower |
| 9:57 | Barracks |
| 10:00 | Fortress |
| 11:12 | Peon |
| 11:12 | Peon |
| 11:12 | Peon |
| 11:12 | Peon |
| 11:34 | Troll Regeneration |
| 11:38 | Watch Tower |
| 11:45 | Troll Headhunter |
| 11:48 | Improved Spiked Barricades |
| 11:55 | Spirit Lodge |
| 12:00 | Spirit Lodge |
| 12:07 | Troll Headhunter |
| 12:16 | Troll Headhunter |
| 12:23 | Watch Tower |
| 12:28 | Berserker Upgrade |
| 12:31 | Orb of Lightning |
| 12:37 | Troll Headhunter |
| 12:46 | Steel Ranged Weapons |
| 12:59 | Scroll of Town Portal |
| 13:38 | Troll Berserker |
| 13:38 | Troll Berserker |
| 13:54 | Shaman Adept Training |
| 14:44 | Watch Tower |
| 14:46 | Watch Tower |
| 14:50 | Watch Tower |
| 14:54 | Peon |
| 14:56 | Watch Tower |
| 15:00 | Shaman Master Training |
| 15:04 | Shaman |
| 15:06 | Endurance Aura |
| 15:11 | Steel Armor |
| 15:17 | Watch Tower |
| 15:24 | Orb of Lightning |
| 16:13 | Thorium Ranged Weapons |
| 16:47 | Shaman |
| 16:47 | Shaman |
| 17:54 | Troll Berserker |
| 17:54 | Troll Berserker |
| 17:57 | Potion of Healing |
| 18:28 | Shaman |
| 18:28 | Shaman |
| 19:15 | Troll Berserker |
| 19:15 | Troll Berserker |
| 19:20 | Watch Tower |
| 19:37 | Troll Berserker |
| 19:37 | Troll Berserker |
| 20:01 | Troll Berserker |
| 20:01 | Troll Berserker |
| 20:40 | Breath of Fire |
| 21:35 | Great Hall |
| 22:04 | Troll Berserker |
| 22:04 | Troll Berserker |
| 23:46 | War Stomp |
| 23:57 | Drunken Brawler |
| Right click | 658 |
| Select | 455 |
| Build/train/purchase | 206 |
| Chat | 50 |
| Use ability | 31 |
| Misc. action | 29 |
| Resource trade | 10 |
| Minimap ping | 7 |
| Item give/drop | 2 |